 Dungeon Crawl Stone Soup version 0.19.0-23-gf02e663 (webtiles) character file.

436 Leibowitz the Sneak (level 6, 0/48 HPs)
             Began as a Demigod Enchanter on Nov 19, 2016.
             Slain by Grinder (5 damage)
             ... while paralysed by Grinder
             ... on level 3 of the Dungeon.
             The game lasted 00:15:35 (3100 turns).

Leibowitz the Sneak (Demigod Enchanter)             Turns: 3100, Time: 00:15:36

Health: 0/48       AC:  3    Str: 11    XL:     6   Next: 40%
Magic:  4/12       EV:  2    Int: 23    God:
Gold:   97         SH:  0    Dex: 16    Spells: 3 memorised, 4 levels left

rFire  . . .     SeeInvis .     a - +2 dagger
rCold  . . .     Gourm    .     j - +1 robe
rNeg   . . .     Faith    .     (no shield)
rPois  .         Spirit   .     (no helmet)
rElec  .         Reflect  .     (no cloak)
rCorr  .         Harm     .     (no gloves)
MR     .....                    (no boots)
Stlth  +++.......               h - amulet of regeneration
                                (no ring)
                                (no ring)

@: paralysed, very slightly contaminated
A: high mp 1
a: no special abilities


You were on level 3 of the Dungeon.
You were not hungry.

You visited 1 branch of the dungeon, and saw 3 of its levels.
You also visited: Sewer.

You collected 97 gold pieces.

Inventory:

Hand Weapons
 a - a +2 dagger (weapon)
Missiles
 k - 5 needles of paralysis
Armour
 j - a +1 robe (worn)
Jewellery
 h - an amulet of regeneration (around neck)
Scrolls
 e - 3 scrolls of identify
 f - a scroll of enchant armour
 r - 2 scrolls of enchant weapon
Potions
 o - a potion of curing
Books
 c - a book of Maledictions

   Spells                             Type                      Level
   a - Corona                         Hexes                        1
   b - Ensorcelled Hibernation        Hexes/Ice                    2
   c - Confuse                        Hexes                        3
   d - Tukima's Dance                 Hexes                        3
   e - Dazzling Spray                 Conjuration/Hexes            3
Comestibles
 b - 2 chunks of flesh
 d - 2 bread rations
 m - 3 fruits


   Skills:
 + Level 1.6 Fighting
 + Level 2.6 Short Blades
 + Level 3.3 Dodging
 + Level 3.9 Stealth
 + Level 2.5 Spellcasting
 + Level 3.5 Hexes
 + Level 1.5 Ice Magic


You had 4 spell levels left.
You knew the following spells:

 Your Spells              Type           Power        Failure   Level  Hunger
a - Corona                Hex            ###....      2%          1    None
b - Ensorcelled Hibernat  Hex/Ice        ##....       10%         2    ##.....
c - Confuse               Hex            ###.....     10%         3    ###....


Dungeon Overview and Level Annotations

Branches:
Dungeon (3/15)

Annotations:
D:3 Grinder


Innate Abilities, Weirdness & Mutations

You have an increased reservoir of magic. (+10% MP)


Message History

You hit Grinder.
Grinder is almost dead.
The hobgoblin hits you with a club. Grinder gestures at you.
You suddenly lose the ability to move!
The hobgoblin hits you with a club. Grinder hits you.
You writhe in agony.
Grinder hits you but does no damage. The hobgoblin hits you with a club.
The adder bites you.
* * * LOW HITPOINT WARNING * * *
Grinder hits you.
* * * LOW HITPOINT WARNING * * *
You writhe in agony.
* * * LOW HITPOINT WARNING * * *
The hobgoblin hits you but does no damage.
The adder bites you.
* * * LOW HITPOINT WARNING * * *
The adder bites you.
* * * LOW HITPOINT WARNING * * *
Grinder hits you.
You die...

.. ##+##### '' ##..# # .
#...# # .# #...#####
#########.# #.#......
#.........# #.#......
#......†### #.#......
###.....5.#######.#......
.......g@.'.....).#......
#
###.....S.#########......
. ..........# #...... .##
###.......# ###..####
..### ..........#
#........ ....#
###.......# #......(.
..#.# #........ +........
..#.# #...######
#........ ..#.# #...#
#........


You could see Grinder, an adder and a hobgoblin.

Vanquished Creatures
  2 bullfrogs (Sewer)
  An orc priest (D:3)
  An orc wizard (D:3)
  Jessica (D:2)
  6 adders
  7 oozes
  4 worms (D:3)
  2 dart slugs
  13 leopard geckos
  7 orcs
  18 ball pythons
  13 giant cockroaches
  3 goblins
  6 hobgoblins
  9 bats
  16 frilled lizards
  6 kobolds
  10 rats
125 creatures vanquished.

Notes
Turn   | Place    | Note
-------+----------+-------------------------------------------
     0 | D:1      | Leibowitz the Demigod Enchanter began the quest for the Orb.
     0 | D:1      | Reached XP level 1. HP: 14/14 MP: 5/5
     9 | D:1      | Noticed a bullfrog
   246 | D:1      | Reached skill level 1 in Short Blades
   246 | D:1      | Reached XP level 2. HP: 11/20 MP: 7/7
   398 | D:1      | Learned a level 2 spell: Ensorcelled Hibernation
   847 | D:2      | Reached XP level 3. HP: 26/26 MP: 5/8
  1009 | D:2      | Noticed Jessica
  1028 | D:2      | Killed Jessica
  1074 | D:2      | Found a deep blue altar of Sif Muna.
  1136 | D:2      | Reached XP level 4. HP: 30/33 MP: 9/9
  1629 | D:3      | Found a glowing drain.
  1737 | Sewer    | Entered a sewer
  2032 | Sewer    | Reached skill level 1 in Fighting
  2034 | Sewer    | Reached XP level 5. HP: 34/40 MP: 8/11
  2429 | Sewer    | Reached skill level 1 in Ice Magic
  2434 | Sewer    | Gained mutation: You are resistant to electric shocks. (rElec) [potion of mutation]
  2434 | Sewer    | Gained mutation: You occasionally shout uncontrollably at your foes. [potion of mutation]
  2435 | Sewer    | HP: 1/40 [leopard gecko (5)]
  2444 | Sewer    | HP: 3/60 [bullfrog (4)]
  2445 | Sewer    | Reached XP level 6. HP: 4/47 MP: 3/12
  2556 | Sewer    | Learned a level 3 spell: Confuse
  2884 | D:3      | Lost mutation: You are resistant to electric shocks. (rElec) [potion of cure mutation]
  2884 | D:3      | Lost mutation: You occasionally shout uncontrollably at your foes. [potion of cure mutation]
  3061 | D:3      | Noticed Grinder
  3096 | D:3      | Paralysed by Grinder for 6 turns
  3100 | D:3      | Slain by Grinder

Skill      XL: |  1  2  3  4  5 |
---------------+----------------+-----
Hexes          | 3 |  3.5
Short Blades   | 1 2 |  2.6
Dodging        | 2 3 |  3.3
Stealth        | 3 |  3.9
Spellcasting   | 2 |  2.5
Fighting       | 1 |  1.6
Ice Magic      | 1 |  1.5

Action                   |  1- 3 |  4- 6 || total
-------------------------+-------+-------++-------
Melee: Dagger            |   102 |   388 ||   490
 Cast: Corona            |     8 |       ||     8
       Ensorcelled Hiber |    10 |    35 ||    45
       Confuse           |       |     2 ||     2
  Use: Potion            |       |     9 ||     9
       Scroll            |       |     5 ||     5
 Stab: Sleeping          |    12 |    26 ||    38
       Distracted        |       |     1 ||     1
       Confused          |       |     1 ||     1
  Eat: Chunk             |     2 |     9 ||    11
Armor: Robe              |    13 |    70 ||    83
       Skin              |       |    16 ||    16
Dodge: Dodged            |    61 |   341 ||   402
